 Dungeon Crawl Stone Soup version 0.30-a0-458-g86641cc369 (webtiles) character file.

Game seed: 5582548280291131368

366 dixiedixie the Ruffian (level 6, 0/79 HPs)
             Began as a Troll Earth Elementalist on Dec 14, 2022.
             Was an Initiate of Qazlal.
             Succumbed to a water moccasin's poison
             ... on level 5 of the Dungeon.
             The game lasted 00:11:07 (3867 turns).

dixiedixie the Ruffian (Troll Earth Elementalist)   Turns: 3867, Time: 00:11:07

Health: 0/79       AC:  4    Str: 17    XL:     6   Next: 40%
Magic:  6/6        EV:  9    Int: 13    God:    Qazlal [......]
Gold:   109        SH:  5    Dex: 10    Spells: 4/7 levels left

rFire   . . .      SeeInvis +      - Unarmed
rCold   . . .      Faith    .    (no shield)
rNeg    . . .      Spirit   .    a - +0 robe
rPois   .          Reflect  +    o - +0 hat
rElec   .          Harm     .    (no cloak)
rCorr   +          Rampage  .    (gloves unavailable)
Will    .....                    (boots unavailable)
Stlth   ..........               E - amulet of reflection
HPRegen 1.13/turn                q - ring of see invisible
MPRegen 0.10/turn                A - ring of resist corrosion

@: berserking, lethally poisoned (0 -> -2), attractive, very quick
A: large, unfitting armour, claws 3, regeneration 1, shaggy fur 1, tough skin 1
a: Renounce Religion


You were on level 5 of the Dungeon.
You worshipped Qazlal.
Qazlal was noncommittal.
You visited 2 branches of the dungeon, and saw 6 of its levels.

You collected 270 gold pieces.
You spent 161 gold pieces at shops.

Inventory:

Missiles
 g - 58 stones
 B - 2 poisoned darts
Armour
 a - a +0 robe (worn)
 o - a +0 hat (worn)
 y - an orb of light
 C - a scarf of invisibility
Jewellery
 h - an amulet of magic regeneration
 p - a ring of fire
 q - a ring of see invisible (left claw)
 A - a ring of resist corrosion (right claw)
 E - an amulet of reflection (around neck)
Scrolls
 d - 8 scrolls of identify
 f - 2 scrolls of fog
 i - a scroll of brand weapon {unknown}
 k - a scroll of teleportation
 u - a scroll of immolation {unknown}
 x - a scroll of enchant armour {unknown}
 z - a scroll of amnesia {unknown}
 D - 2 scrolls of acquirement {unknown}
Potions
 b - a potion of magic
 c - 5 potions of flight
 e - a potion of degeneration {unknown}
 j - 3 potions of haste
 l - a potion of might {unknown}
 m - a potion of curing {unknown}
 n - a potion of attraction
 r - a potion of mutation {unknown}
 s - a potion of resistance {unknown}
 t - a potion of berserk rage
 v - a potion of invisibility {unknown}
 w - 2 potions of brilliance {unknown}


   Skills:
 - Level 1.5 Dodging
 - Level 1.0 Stealth
 + Level 6.3 Unarmed Combat
 - Level 1.2 Spellcasting
 - Level 0.6 Transmutations
 - Level 2.9 Earth Magic


You had 4 spell levels left.
You knew the following spells:

 Your Spells              Type           Power      Damage    Failure   Level
a - Sandblast             Erth           16%        2d6       9%          1
b - Passwall              Tmut/Erth      4%         N/A       21%         2

Your spell library contained the following spells:

 Spells                   Type           Power      Damage    Failure   Level
 Ensorcelled Hibernation  Hex/Ice        0%         N/A       38%         2
 Stone Arrow              Conj/Erth      8%         3d7       41%         3
 Swiftness                Air            0%         N/A       63%         3
 Petrify                  Tmut/Erth      5%         N/A       78%         4


Dungeon Overview and Level Annotations

Branches:
Dungeon (5/15)             Temple (1/1) D:4

Altars:
Ashenzari
Cheibriados
Dithmenos
Elyvilon
Fedhas
Gozag
Hepliaklqana
Kikubaaqudgha
Makhleb
Nemelex Xobeh
Okawaru
Qazlal
Ru
Sif Muna
Trog
Uskayaw
Wu Jian
Xom
Yredelemnul
Zin
The Shining One

Shops:
D:3 [*[(


Innate Abilities, Weirdness & Mutations

You are too large for most types of armour.
You have claws for hands.
Your natural rate of healing is unusually fast.
You are covered in fur. (AC +1)
You have tough skin. (AC +1)


Message History

The water moccasin bites you but does no damage.
The water moccasin attacks as you move away!
The water moccasin bites you.
You are more poisoned.
The water moccasin poisons you!
You feel very sick.
You feel sick.
Okay, then.
As you read the scroll labelled JUNOASTR SEFUI, it crumbles to dust.
The scroll dissolves into smoke.
It was a scroll of fog.
You feel sick.
The water moccasin bites you but does no damage.
The iguana hisses menacingly.
You block the water moccasin's attack.
As you read the scroll labelled XUZUGA JAMEH, it crumbles to dust.
You feel strangely unstable.
It was a scroll of teleportation.
You feel sick. You block the water moccasin's attack.
The water moccasin attacks as you move away!
The water moccasin bites you but does no damage.
You feel sick. The water moccasin bites you.
* * * LOW HITPOINT WARNING * * *
You are lethally poisoned!
The water moccasin poisons you!
Okay, then.
The water moccasin attacks as you move away!
The water moccasin barely misses you.
Your surroundings suddenly seem different.
* * * LOW HITPOINT WARNING * * *
You feel very sick.
As you read the scroll of identify, it crumbles to dust.
j - 3 potions of haste
* * * LOW HITPOINT WARNING * * *
You feel very sick.
It was a potion of attraction.
You feel attractive to monsters.
* * * LOW HITPOINT WARNING * * *
You feel very sick.
It was a potion of berserk rage.
A red film seems to cover your vision as you go berserk!
You feel yourself moving faster!
You feel mighty!
You die...

#.........#.#
#.#
#.........#.#
##.#
##.......##.#
#..#
##.....###.#
#.##
##........#
#.# ##.#.###.#
#.# #.#.# #.#
#.# #^#.#
#.########.#
#.#.#
#....@.....#
#.#..#
#.##########
####.###.###.#
....## ##.##.#
####.###.###.#
......#.## #.#
######.## #.#
#............#
..############


There were no monsters in sight!

Vanquished Creatures
  A necrophage (D:4)
  2 hounds (D:5)
  An orc wizard (D:5)
  Robin (D:2)
  4 gnolls (D:4)
  6 adders
  An ufetubus (D:5)
  4 worms
  A dart slug (D:1)
  8 orcs
  9 endoplasms
  4 giant cockroaches
  13 goblins
  11 hobgoblins
  2 jackals (D:3)
  6 kobolds
  5 quokkas
  5 ball pythons
  4 bats
  2 frilled lizards
  A rat (D:2)
91 creatures vanquished.

Notes
Turn   | Place    | Note
-------+----------+-------------------------------------------
     0 | D:1      | dixiedixie the Troll Earth Elementalist began the quest for
                  | the Orb.
     0 | D:1      | Reached XP level 1. HP: 16/16 MP: 1/1
   271 | D:1      | Reached skill level 1 in Unarmed Combat
   274 | D:1      | Reached XP level 2. HP: 24/24 MP: 2/2
   494 | D:1      | Reached skill level 2 in Unarmed Combat
   783 | D:2      | Reached XP level 3. HP: 29/31 MP: 3/3
   807 | D:2      | Found a faded altar of an unknown god.
  1048 | D:2      | Reached skill level 3 in Unarmed Combat
  1090 | D:2      | Noticed Robin
  1111 | D:2      | Killed Robin
  1112 | D:2      | Reached XP level 4. HP: 13/39 MP: 4/4
  1354 | D:3      | Found Peshale's Armour Shoppe.
  1380 | D:3      | Bought a +0 hat for 44 gold pieces
  1426 | D:3      | Reached skill level 4 in Unarmed Combat
  1523 | D:3      | Found Sinuru's Weapon Shop.
  1631 | D:3      | Found Ysua's Assorted Antiques.
  1640 | D:3      | Bought a scroll of identify for 34 gold pieces
  1640 | D:3      | Bought a clear potion for 15 gold pieces
  1640 | D:3      | Bought a scroll labelled ONGIHO ORPHEASTU for 17 gold
                  | pieces
  1640 | D:3      | Bought a scroll of identify for 34 gold pieces
  1640 | D:3      | Bought a scroll labelled JUNOASTR SEFUI for 17 gold pieces
  1672 | D:3      | Found Kyniop's Armour Emporium.
  1709 | D:3      | Reached XP level 5. HP: 45/45 MP: 5/5
  2129 | D:4      | Reached skill level 5 in Unarmed Combat
  2134 | D:4      | Learned a level 2 spell: Passwall
  2494 | D:4      | Found a staircase to the Ecumenical Temple.
  2501 | Temple   | Entered the Ecumenical Temple
  2673 | Temple   | Became a worshipper of Qazlal Stormbringer
  3483 | D:5      | Entered Level 5 of the Dungeon
  3529 | D:5      | Reached XP level 6. HP: 51/53 MP: 6/6
  3580 | D:5      | Reached skill level 6 in Unarmed Combat
  3834 | D:5      | Noticed a water moccasin
  3865 | D:5      | HP: 2/53 [poisoned by a water moccasin]
  3867 | D:5      | Succumbed to a water moccasin's poison

Illustrated notes

Levels and vault maps discovered:
D:1:      psy_arrival_conway, layout_loops_cross
D:2:      layout_basic, chequers_ecumenical_altar_twisty, uniq_robin
D:3:      layout_basic, serial_shops,
          nicolae_shop_temple_entry_statues_fountains, nicolae_diamond_shop,
          shop, nicolae_shop_temple_entry_statues_fountains,
          kennysheep_minor_cross
D:4:      layout_loops_cross, minmay_temple_entry_statues,
          serial_co_window_serial, co_window_corner_a, co_window_paths_b,
          co_window_paths_b, co_window_of_opportunity_a, co_window_paths_b,
          co_window_corner_b, co_window_broadway_c, co_window_of_opportunity_b,
          co_window_of_opportunity_b, co_window_unsneaky_path_d,
          co_window_unsneaky_path_d, co_window_cross_3, co_window_sun,
          glass_columns_b, glass_columns_a, glass_columns_b, glass_columns_b,
          nicolae_elevator_lobby_plus
D:5:      layout_loops_ring, chequers_serial_rivers_micro_e
Temple:   mainiacjoe_temple_starburst

Skill      XL: |  1  2  3  4  5  6 |
---------------+-------------------+-----
Unarmed Combat | 1 2 3 4 5 6 |  6.3
Dodging        | |  1.5
Stealth        | |  1.0
Spellcasting   | |  1.2
Transmutations | |  0.6
Earth Magic    | |  2.9

Action                   |  1- 3 |  4- 6 || total
-------------------------+-------+-------++-------
Melee: Unarmed           |   139 |   183 ||   322
       Punch             |     3 |     1 ||     4
 Cast: Sandblast         |     3 |     5 ||     8
  Use: Scroll            |       |     4 ||     4
       Potion            |       |     2 ||     2
 Stab: Sleeping          |       |     2 ||     2
Armor: Robe              |    40 |    51 ||    91
Dodge: Dodged            |    62 |    86 ||   148
Block: Other             |       |    11 ||    11

Table legend: (Time is in decaauts)
 A = Elapsed time spent in this place.
 B = Non-inter-level travel time spent in this place.
 C = Inter-level travel time spent in this place.
 D = Time resting spent in this place.
 E = Time spent auto-exploring this place.
 F = Levels seen in this place.
 G = Mean time per level.
                   A        B        C        D        E       F      G
               +--------+--------+--------+--------+--------+-----+--------+
         Total |   3847 |   3611 |    236 |     39 |   2801 |   6 |  641.2 |
       Dungeon |   3330 |   3142 |    188 |     39 |   2367 |   5 |  666.0 |
        Temple |    516 |    468 |     48 |      0 |    434 |   1 |  516.0 |
               +--------+--------+--------+--------+--------+-----+--------+

Top non-repeatable levels by time:
     D:4: 1069 daAuts
     D:1: 726 daAuts
     D:2: 594 daAuts
     D:3: 563 daAuts
  Temple: 516 daAuts
     D:5: 377 daAuts
